 Dungeon Crawl Stone Soup version 0.27-a0-1149-g4505690ab0 (webtiles) character file.

Game seed: 9846774833315366758

605 DemonSlayer the Chopper (level 7, -5/81 HPs)
             Began as a Human Berserker on May 12, 2021.
             Was a Priest of Trog.
             Slain by an ice beast (9 damage)
             ... on level 5 of the Dungeon.
             The game lasted 00:33:53 (9714 turns).

DemonSlayer the Chopper (Human Berserker)           Turns: 9714, Time: 00:33:56

Health: -5/81      AC: 23    Str: 18      XL:     7   Next: 70%
Magic:  7/7        EV:  2    Int:  5 (8)  God:    Trog [***...]
Gold:   245        SH:  0    Dex: 19      Spells: 6/6 levels left

rFire    . . .     SeeInvis .   v - +0 lajatang
rCold    . . .     Faith    .   (shield currently unavailable)
rNeg     + + +     Spirit   .   (armour currently unavailable)
rPois    +         Reflect  .   (helmet currently unavailable)
rElec    .         Harm     .   (cloak currently unavailable)
rCorr    .         Rampage  .   (gloves currently unavailable)
Will     +....     NoTele   +   (boots currently unavailable)
Stlth    ++........             (no amulet)
HPRegen  0.23/turn              j - ring of willpower
MPRegen  0.10/turn              n - +6 ring of dexterity

@: tree-form, on berserk cooldown, slowed, very slow
A: stationary, stasis, torment immunity, boosted hp
a: Renounce Religion, Berserk, Trog's Hand


You were on level 5 of the Dungeon.
You worshipped Trog.
Trog was most pleased with you.
You were a tree.
You visited 1 branch of the dungeon, and saw 5 of its levels.

You collected 245 gold pieces.

Inventory:

Hand Weapons
 a - a +0 hand axe
 f - a +4 short sword
 g - a +1 dagger of freezing
 o - a +2 quarterstaff of speed
 v - a +0 lajatang (weapon)
Missiles
 c - 85 bolts
 i - 24 poisoned darts
 l - 5 silver javelins
Armour
 b - a +0 animal skin
 d - a +0 helmet (melded)
 h - a +0 ring mail
 k - a +0 chain mail (melded)
 m - a +0 kite shield
Jewellery
 j - a ring of willpower (left branch)
 n - a +6 ring of dexterity (right branch)
Scrolls
 e - a scroll of amnesia
 p - a scroll of blinking
 t - a scroll of teleportation
Potions
 q - a potion of resistance


   Skills:
 + Level 4.0 Fighting
 + Level 2.8 Short Blades
 + Level 4.1 Axes
 + Level 2.0 Staves
 + Level 4.1 Armour
 + Level 3.5 Dodging
 + Level 1.4 Stealth
 + Level 1.3 Shields


You had 6 spell levels left.
You didn't know any spells.
Your spell library was empty.

Dungeon Overview and Level Annotations

Branches:
Dungeon (5/15)
 Temple: D:4-7

Altars:
Okawaru
Vehumet
Yredelemnul

Shops:
D:1 ?

Annotations:
D:5 1 transporter


Message History

Really walk into that cloud of freezing vapour? [Y]es or [N]o only, please.
Really walk into that cloud of freezing vapour?
Okay, then.
You are too berserk!
There are monsters nearby!
You slash the ice beast!
The ice beast is severely wounded.
The ice beast barely misses you.
You closely miss the ice beast.
The ice beast is severely wounded.
The ice beast hits you.
* * * LOW HITPOINT WARNING * * *
The ice beast freezes you!
* * * LOW HITPOINT WARNING * * *
The ice beast barely misses you.
You slash the ice beast!
You kill the ice beast!
Trog accepts your kill. The ice beast barely misses you.
You feel your dexterity returning.
Your Fighting skill increases to level 4!
Your Staves skill increases to level 2!
The ice beast hits you but does no damage.
You feel a strong urge to attack something.
You are no longer berserk.
You are exhausted.
You feel yourself slow down.
You turn into a tree.
Your +0 helmet melds into your body.
Your +0 chain mail melds into your body.
Your roots penetrate the ground.
The ice beast hits you but does no damage.
The ice beast barely misses you.
You slash the ice beast!
The ice beast is heavily wounded.
The ice beast hits you but does no damage.
The ice beast hits you.
* * * LOW HITPOINT WARNING * * *
The ice beast freezes you!
You die...

#................
.###..............
........##########
##### ...............
#°☼°○ ########.#######
#°°°°.#☼☼○☼°°#........
#☼☼○°°#°°°°○°#...####.
#:$.○°○.#.#°○#...#
#©[.○°°.♣.©°°#©..#
#)$.○°☼.#Y#☼○#..##
#○°☼☼°#☼°°°○○####
#°○○°○#○°°☼☼○# #°○☼○
######## #####


You could see an ice beast.

Vanquished Creatures
  An ice beast (D:5)
  The ghost of Drazool the Cutter, an amateur GrFi of Qazlal (D:3)
  A scorpion (D:4)
  A water moccasin skeleton (D:4)
  4 orc priests
  A centaur skeleton (D:4)
  A hound skeleton (D:4)
  7 adders
  An adder skeleton (D:4)
  A worm (D:2)
  3 dart slugs
  7 orcs
  2 bats
  9 endoplasms
  3 giant cockroaches
  8 goblins
  12 hobgoblins
  8 jackals
  7 kobolds
  3 quokkas
  7 ball pythons
  A ball python zombie (D:3)
  2 frilled lizards (D:1)
  A jackal zombie (D:3)
  8 rats
100 creatures vanquished.

Notes
Turn   | Place    | Note
-------+----------+-------------------------------------------
     0 | D:1      | DemonSlayer the Human Berserker began the quest for the
                  | Orb.
     0 | D:1      | Reached XP level 1. HP: 18/18 MP: 1/1
    86 | D:1      | Reached XP level 2. HP: 16/24 MP: 2/2
  1291 | D:1      | Reached XP level 3. HP: 26/29 MP: 3/3
  1583 | D:1      | Found Veadam's Magic Scroll Shoppe.
  3278 | D:2      | Reached XP level 4. HP: 15/35 MP: 4/4
  3513 | D:2      | Reached ** piety under Trog
  4043 | D:2      | Found a faded altar of an unknown god.
  4569 | D:3      | Found an iron altar of Okawaru.
  4634 | D:3      | Reached XP level 5. HP: 38/41 MP: 5/5
  4719 | D:3      | Found a radiant altar of Vehumet.
  4896 | D:3      | Reached skill level 1 in Short Blades
  4896 | D:3      | Reached skill level 1 in Stealth
  5702 | D:3      | Found a runed translucent gate.
  5702 | D:3      | Found a runed translucent gate.
  5702 | D:3      | Found a runed translucent gate.
  5702 | D:3      | Noticed Drazool's ghost (amateur GrFi)
  5704 | D:3      | Found a basalt altar of Yredelemnul.
  6383 | D:3      | Killed Drazool's ghost
  6384 | D:3      | Reached XP level 6. HP: 47/47 MP: 6/6
  8553 | D:4      | Reached skill level 1 in Shields
  8553 | D:4      | Reached XP level 7. HP: 43/53 MP: 7/7
  8886 | D:4      | Reached *** piety under Trog
  8946 | D:4      | Reached skill level 1 in Staves
  9616 | D:5      | Entered Level 5 of the Dungeon
  9674 | D:5      | Found a transporter.
  9690 | D:5      | Found a transporter.
  9709 | D:5      | HP: 3/79 [ice beast (10)]
  9714 | D:5      | HP: 4/81 [ice beast (1)]
  9714 | D:5      | Slain by an ice beast

Illustrated notes

Levels and vault maps discovered:
D:1:      dpeg_arrival_leaves_temple_mockup, layout_rooms, serial_shops,
          nicolae_shop_statue_plus
D:2:      layout_basic, basic_ecumenical_altar, minmay_diced_spiral
D:3:      layout_loops_cross, okawaru_ov_weapons_minmay,
          nicolae_yredelemnul_ghost_church, nicolae_vehumet_radiance
D:4:      layout_gridville, minmay_goblin_kobold_house
D:5:      gammafunk_cloud_chamber, layout_basic, uniq_eustachio, uniq_duvessa,
          uniq_grinder

Skill      XL: |  1  2  3  4  5  6  7 |
---------------+----------------------+-----
Axes           | 4 |  4.1
Dodging        | 3 |  3.5
Short Blades   | 2 |  2.8
Stealth        | 1 |  1.4
Armour         | 3 4 |  4.1
Shields        | 1 |  1.3
Staves         | 2 |  2.0
Fighting       | 4 |  4.0

Action                   |  1- 3 |  4- 6 |  7- 9 || total
-------------------------+-------+-------+-------++-------
Melee: Hand axe          |    46 |       |       ||    46
       Short sword       |    38 |   147 |       ||   185
       Lajatang          |       |     8 |    57 ||    65
Invok: Berserk           |       |     4 |     3 ||     7
  Use: Scroll            |       |     5 |     1 ||     6
       Potion            |       |     6 |     2 ||     8
Armor: Animal skin       |    20 |       |       ||    20
       Ring mail         |     5 |    84 |     5 ||    94
       Skin              |       |    11 |    26 ||    37
       Chain mail        |       |       |    59 ||    59
Dodge: Dodged            |    50 |    90 |    50 ||   190
Block: Kite shield       |       |    57 |       ||    57

Table legend: (Time is in decaauts)
 A = Elapsed time spent in this place.
 B = Non-inter-level travel time spent in this place.
 C = Inter-level travel time spent in this place.
 D = Time resting spent in this place.
 E = Time spent auto-exploring this place.
 F = Levels seen in this place.
 G = Mean time per level.
                   A        B        C        D        E       F      G
               +--------+--------+--------+--------+--------+-----+--------+
         Total |   9826 |   9826 |      0 |   6203 |   1399 |   5 | 1965.2 |
       Dungeon |   9826 |   9826 |      0 |   6203 |   1399 |   5 | 1965.2 |
               +--------+--------+--------+--------+--------+-----+--------+

Top non-repeatable levels by time:
     D:4: 2772 daAuts
     D:3: 2379 daAuts
     D:2: 2325 daAuts
     D:1: 2252 daAuts
     D:5: 96 daAuts
